 Dungeon Crawl Stone Soup version 0.29-a0-340-g6efceafd81 (webtiles) character file.

Game seed: 15039610708523598365

13999 rabbitsville the Frost Mage (level 12, -3/94 HPs)
             Began as a Ghoul Ice Elementalist on Apr 19, 2022.
             Was a Priest of Nemelex Xobeh.
             Slain by a polar bear (15 damage)
             ... in an ice cave.
             The game lasted 01:04:32 (15344 turns).

rabbitsville the Frost Mage (GhIE)                 Turns: 15344, Time: 01:04:33

Health: -3/94      AC: 17    Str: 19    XL:     12   Next: 11%
Magic:  32/32      EV: 11    Int: 14    God:    Nemelex Xobeh [***...]
Gold:   1168       SH:  6    Dex:  9    Spells: 17/28 levels left

rFire   . . .      SeeInvis .   a - +2 morningstar (freeze)
rCold   + . .      Faith    .   k - +2 buckler
rNeg    + + +      Spirit   .   D - +3 leather armour
rPois   ∞          Reflect  .   P - +0 helmet
rElec   .          Harm     .   Q - +1 cloak {Stlth+}
rCorr   .          Rampage  .   w - +0 pair of gloves
Will    .....                   I - +0 pair of boots
Stlth   ++........              i - amulet of magic regeneration
HPRegen 0.00/turn               U - ring of magical power
MPRegen 0.63/turn               B - +6 ring of strength

@: ice-armoured, inhibited regen
A: claws 1, cold resistance 1, negative energy resistance 3, inhibited
regeneration, torment resistance 2, devour on kill
a: Renounce Religion, Draw Escape, Draw Destruction, Draw Summoning, Triple Draw


You were in an ice cave.
You worshipped Nemelex Xobeh.
Nemelex Xobeh was most pleased with you.
You visited 3 branches of the dungeon, and saw 12 of its levels.
You also visited: Bailey and Ice Cave.

You collected 1168 gold pieces.

Inventory:

Hand Weapons
 a - a +2 morningstar of freezing (weapon)
 b - a +1 triple crossbow of flaming
Missiles
 u - a throwing net
 J - 23 boomerangs
Armour
 k - a +2 buckler (worn)
 s - a +0 robe
 w - a +0 pair of gloves (worn)
 D - a +3 leather armour (worn)
 G - a +0 robe
 I - a +0 pair of boots (worn)
 P - a +0 helmet (worn)
 Q - a +1 cloak of stealth (worn)
Jewellery
 c - a +6 ring of dexterity
 i - an amulet of magic regeneration (around neck)
 B - a +6 ring of strength (right hand)
 E - a ring of protection from cold
 T - a +6 ring of dexterity
 U - a ring of magical power (left hand)
Wands
 m - a wand of flame (24)
 y - a wand of digging (11)
 N - a wand of acid (2)
 O - a wand of polymorph (5)
Scrolls
 d - 3 scrolls of acquirement {unknown}
 e - 3 scrolls of fog {unknown}
 f - 3 scrolls of noise {unknown}
 h - 3 scrolls of enchant armour {unknown}
 j - a scroll of torment {unknown}
 l - a scroll of blinking {unknown}
 n - 5 scrolls of teleportation
 o - 4 scrolls of magic mapping {unknown}
 q - 2 scrolls of summoning {unknown}
 v - 7 scrolls of identify {unknown}
 x - 4 scrolls of amnesia {unknown}
 A - 2 scrolls of holy word {unknown}
 F - 2 scrolls of vulnerability {unknown}
 M - 2 scrolls of fear {unknown}
 S - a scroll of enchant weapon {unknown}
Potions
 g - 2 potions of lignification {unknown}
 p - a potion of haste
 r - 3 potions of flight
 t - 2 potions of heal wounds {unknown}
 z - a potion of curing
 C - a potion of brilliance {unknown}
 H - 2 potions of degeneration {unknown}
 K - 4 potions of magic
 L - 3 potions of resistance
 R - a potion of invisibility {unknown}


   Skills:
 - Level 5.0 Fighting
 - Level 3.7 Maces & Flails
 - Level 1.7 Dodging
 - Level 2.1 Stealth
 - Level 5.0 Shields
 + Level 8.8 Spellcasting
 - Level 5.1 Conjurations
 * Level 11.4 Ice Magic
 + Level 8.8 Invocations


You had 17 spell levels left.
You knew the following spells:

 Your Spells              Type           Power      Damage    Failure   Level
a - Freeze                Ice            100%       1d11      1%          1
b - Frozen Ramparts       Ice            76%        1d9       1%          3
c - Ozocubu's Armour      Ice            38%        N/A       1%          3
d - Hailstorm             Conj/Ice       29%        3d8       6%          4

Your spell library contained the following spells:

 Spells                   Type           Power      Damage    Failure   Level
 Ensorcelled Hibernation  Hex/Ice        44%        N/A       2%          2
 Shock                    Conj/Air       52%        1d6       6%          1
 Passwall                 Tmut/Erth      5%         N/A       28%         2
 Swiftness                Air            6%         N/A       50%         3
 Airstrike                Air            3%         N/A       88%         4
 Anguish                  Hex/Necr       3%         N/A       88%         4
 Spider Form              Tmut/Pois      Unusable   N/A       N/A         3

Dungeon Overview and Level Annotations

Branches:
Dungeon (10/15)            Temple (1/1) D:6            Lair (1/6) D:8
    Orc (0/2) D:10         Bailey (visited)           IceCv (1/1)

Altars:
Ashenzari
Cheibriados
Dithmenos
Elyvilon
Fedhas
Gozag
Hepliaklqana
Kikubaaqudgha
Makhleb
Nemelex Xobeh
Okawaru
Qazlal
Ru
Sif Muna
Trog
Uskayaw
Vehumet
Wu Jian
Xom
Yredelemnul
Zin
The Shining One
Beogh

Annotations:
D:7 3 runed translucent doors, Antichthon's ghost, novice NaWr


Innate Abilities, Weirdness & Mutations

You are immune to poison.
You have sharp fingernails.
Your flesh is cold resistant. (rC+)
You are immune to negative energy. (rN+++)
You do not regenerate when monsters are visible.
You are immune to unholy pain and torment.
You thrive by killing the living.


Message History

You feel better.
The polar bear bites you but does no damage.
The polar bear claws you but does no damage. x2
The polar bear bites you but does no damage.
The polar bear claws you but does no damage. x2
The polar bear bites you!
* * * LOW HITPOINT WARNING * * *
The polar bear barely misses you. The polar bear closely misses you.
You draw a card...
You have drawn Wild Magic.
The polar bear is caught in an explosion of flying shrapnel.
The polar bear's body twists and writhes.
The polar bear twists and deforms.
You feel a surge of magic.
You feel your power returning.
The polar bear bites you but does no damage.
The polar bear claws you but does no damage.
You block the polar bear's attack. x2; The polar bear claws you.
* * * LOW HITPOINT WARNING * * *
The polar bear completely misses you. The polar bear bites you.
* * * LOW HITPOINT WARNING * * *
The polar bear claws you but does no damage.
The polar bear barely misses you.
You draw a card...
You have drawn the Orb.
Press: ? - help, Shift-Dir - straight line, f/p - polar bear
Aim: a polar bear (almost dead, berserk, misshapen and mutated)
The wavering orb of destruction weakly hits the polar bear!
You blow up the polar bear!
You feel better. You block the polar bear's attack.
The polar bear barely misses you.
The polar bear claws you but does no damage.
You block the polar bear's attack.
The polar bear claws you but does no damage.
The polar bear closely misses you.
You draw a card...
You have drawn Pain.
Press: ? - help, Shift-Dir - straight line, f - polar bear
Aim: a polar bear (almost dead, berserk)
The polar bear convulses!
The polar bear bites you!
You die...
Your body disappears without a glow.

#### ####
##..## #.@#####
#..∩.#
##.h....#####
##....#
##..#........#
#..∩.#
#..#####......#
##...## ##.##
##....# ###..#
#..# ##.# #..#
#.## # ##.###.#
#..##..#


You could see a polar bear (berserk).

Vanquished Creatures
  A hydra (Lair:1)
  Erolcha (D:9)
  Erica (D:8)
  A centaur warrior (D:8)
  A fire crab (shapeshifter) (D:8)
  Maurice (D:9)
  Joseph (D:9)
  A cane toad (Lair:1)
  3 trolls
  A polar bear (IceCv)
  3 hornets
  Prince Ribbit (D:6)
  A slime creature (D:8)
  2 wyverns
  Sigmund (D:3)
  A vampire (D:8)
  A basilisk (D:9)
  A wraith (D:9)
  3 yaks
  Edmund (D:6)
  6 water moccasins
  9 orc warriors
  An ice beast (D:6)
  2 sky beasts
  2 ogres
  4 wolves
  6 centaurs
  6 kobold brigands
  A gnoll sergeant (D:7)
  8 bullfrogs
  5 scorpions
  8 wights
  21 killer bees
  2 howler monkeys
  2 electric eels (D:8)
  6 hounds
  3 jellies
  5 orc priests
  3 iguanas
  18 orc wizards
  8 gnolls
  17 adders
  3 shadow imps
  4 white imps
  4 worms
  A dart slug (D:2)
  45 orcs
  5 ball pythons
  4 bats
  11 endoplasms
  4 giant cockroaches
  14 goblins
  6 hobgoblins
  6 jackals (D:4)
  7 quokkas
  12 frilled lizards
  25 kobolds
  5 rats
326 creatures vanquished.

Vanquished Creatures (others)
  2 fungi (Lair:1)
  11 plants
13 creatures vanquished.

Grand Total: 339 creatures vanquished

Notes
Turn   | Place    | Note
-------+----------+-------------------------------------------
     0 | D:1      | rabbitsville the Ghoul Ice Elementalist began the quest for
                  | the Orb.
     0 | D:1      | Reached XP level 1. HP: 14/14 MP: 2/2
   241 | D:1      | Reached XP level 2. HP: 8/20 MP: 2/4
   626 | D:1      | Found a faded altar of an unknown god.
   855 | D:1      | Reached XP level 3. HP: 24/26 MP: 0/5
  1188 | D:1      | Reached skill level 5 in Ice Magic
  1677 | D:2      | Reached XP level 4. HP: 33/33 MP: 4/7
  1978 | D:2      | Reached skill level 1 in Shields
  2209 | D:3      | Found an iron altar of Okawaru.
  2283 | D:3      | Noticed Sigmund
  2294 | D:3      | Killed Sigmund
  2295 | D:3      | Reached skill level 6 in Ice Magic
  2295 | D:3      | Reached XP level 5. HP: 24/38 MP: 5/9
  2295 | D:3      | Reached XP level 6. HP: 29/45 MP: 5/10
  3756 | D:4      | Noticed a water moccasin
  3775 | D:4      | Killed a water moccasin
  3776 | D:4      | Reached skill level 1 in Fighting
  3776 | D:4      | Reached XP level 7. HP: 35/52 MP: 5/11
  4040 | D:4      | Reached skill level 7 in Ice Magic
  5072 | D:5      | Entered Level 5 of the Dungeon
  5397 | D:5      | Reached XP level 8. HP: 63/63 MP: 10/12
  5419 | D:5      | Reached skill level 8 in Ice Magic
  6041 | D:5      | Learned a level 3 spell: Frozen Ramparts
  6045 | D:5      | Learned a level 3 spell: Ozocubu's Armour
  6098 | D:6      | Reached skill level 9 in Ice Magic
  6485 | D:6      | Noticed Prince Ribbit
  6658 | D:6      | Reached XP level 9. HP: 72/72 MP: 9/13
  6666 | D:6      | Noticed Edmund
  6676 | D:6      | Killed Edmund
  6697 | D:6      | Reached skill level 5 in Fighting
  6740 | D:6      | Found a staircase to the Ecumenical Temple.
  6752 | Temple   | Entered the Ecumenical Temple
  7219 | Temple   | Became a worshipper of Nemelex Xobeh the Trickster
  7422 | D:6      | Killed Prince Ribbit
  7423 | D:6      | Reached skill level 1 in Maces & Flails
  7423 | D:6      | Reached skill level 5 in Shields
  7423 | D:6      | Reached skill level 10 in Ice Magic
  7923 | D:6      | Reached skill level 1 in Invocations
  8363 | D:7      | Found a flagged portal.
  8372 | Bailey   | Entered a bailey
  8431 | Bailey   | Reached skill level 5 in Spellcasting
  8481 | Bailey   | Reached * piety under Nemelex Xobeh
  8546 | Bailey   | Reached XP level 10. HP: 49/81 MP: 11/16
  8744 | Bailey   | Reached skill level 5 in Invocations
  8748 | Bailey   | Found a burning altar of Makhleb.
  9476 | D:7      | Noticed Antichthon's ghost (novice NaWr)
  9477 | D:7      | Found a runed translucent gate.
  9477 | D:7      | Found a runed translucent gate.
  9477 | D:7      | Found a runed translucent gate.
  9571 | D:7      | Received a gift from Nemelex Xobeh
  9928 | D:8      | Found a staircase to the Lair.
 10073 | D:8      | Reached skill level 1 in Conjurations
 10563 | D:8      | Noticed Erica
 10580 | D:8      | Killed Erica
 11091 | D:8      | Reached XP level 11. HP: 71/86 MP: 17/20
 11164 | D:8      | Noticed a fire crab
 11167 | D:8      | Noticed a centaur warrior
 11170 | D:8      | Killed a fire crab
 11175 | D:8      | Killed a centaur warrior
 11202 | D:8      | HP: 2/86 [slime creature (11)]
 11847 | D:9      | Noticed Erolcha
 11847 | D:9      | Reached ** piety under Nemelex Xobeh
 12141 | D:9      | Noticed Maurice
 12161 | D:9      | Killed Maurice
 12517 | D:9      | Killed Erolcha
 12860 | D:9      | Reached skill level 5 in Conjurations
 13037 | D:9      | Noticed Joseph
 13096 | D:9      | Killed Joseph
 13242 | D:10     | Entered Level 10 of the Dungeon
 13339 | D:10     | Learned a level 4 spell: Hailstorm
 13426 | D:10     | Found a staircase to the Orcish Mines.
 13776 | D:10     | Received a gift from Nemelex Xobeh
 14176 | D:8      | Found an opulent altar of Gozag.
 14626 | Lair:1   | Entered Level 1 of the Lair of Beasts
 14645 | Lair:1   | Noticed a four-headed hydra
 14655 | Lair:1   | Killed a four-headed hydra
 14711 | Lair:1   | Reached skill level 11 in Ice Magic
 14785 | Lair:1   | Reached XP level 12. HP: 56/94 MP: 23/23
 14876 | Lair:1   | Reached *** piety under Nemelex Xobeh
 14992 | Lair:1   | Noticed an eight-headed hydra
 15002 | Lair:1   | Found a frozen archway.
 15021 | IceCv    | Entered an ice cave
 15309 | IceCv    | Received a gift from Nemelex Xobeh
 15342 | IceCv    | HP: 4/94 [polar bear (1)]
 15344 | IceCv    | Slain by a polar bear

Illustrated notes

Levels and vault maps discovered:
D:1:      nzn_arrival_crosshair, layout_rooms,
          shapermc_ecumenical_altar_mp_vishouse
D:2:      layout_basic, minmay_pentomino_o4
D:3:      layout_loops_corners, okawaru_trees_1, chequers_arboretum,
          chequers_avenue, kennysheep_nondescript, chequers_decorated_corner,
          minmay_circle_x, uniq_sigmund
D:4:      layout_basic
D:5:      nicolae_cairo_tiling_large, layout_rooms, grunt_ministairs_1
D:6:      layout_cave_pods, minmay_temple_entry_overgrown,
          dreamdust_princess_corridor, minmay_lizard_king, uniq_edmund,
          uniq_prince_ribbit1
D:7:      kb_forest_paths, layout_loops_ring, enter_bailey_3,
          gammafunk_ghost_nasty_kobolds
D:8:      layout_gridville, nicolae_overflow_hidden_temple, erik_lair_island,
          hex_tiny, minmay_pinched_square, uniq_erica
D:9:      layout_rooms, uniq_erolcha, uniq_joseph, uniq_maurice
D:10:     layout_basic, minmay_orc_entry_temple_small
Temple:   mainiacjoe_temple_big_plus
Lair:1:   lemuel_reptile_caves, layout_regular_city, portal_ice_cave_entry_imps,
          grunt_megastairs_2, serial_bayou_shore_a
IceCv:    ice_cave_caverns_01

Skill      XL: |  1  2  3  4  5  6  7  8  9 10 11 |
---------------+----------------------------------+-----
Spellcasting   | 2 3 5 7 8 |  8.8
Ice Magic      | 5 6 7 9 10 11 | 11.4
Shields        | 1 2 3 4 5 |  5.0
Fighting       | 1 3 4 5 |  5.0
Maces & Flails | 2 3 |  3.7
Invocations    | 4 6 8 |  8.8
Conjurations   | 3 5 |  5.1
Dodging        | |  1.7
Stealth        | |  2.1

Action                   |  1- 3 |  4- 6 |  7- 9 | 10-12 || total
-------------------------+-------+-------+-------+-------++-------
Melee: Unarmed           |    11 |       |       |       ||    11
       Dagger            |    10 |       |       |       ||    10
       Whip              |     1 |    57 |   141 |       ||   199
       Flail             |       |       |   112 |   173 ||   285
       Morningstar       |       |       |       |   203 ||   203
Throw: Boomerang         |       |       |       |    31 ||    31
       Throwing net      |       |       |       |     1 ||     1
 Cast: Freeze            |    48 |    61 |   147 |    29 ||   285
       Ozocubu's Armour  |       |       |     8 |    20 ||    28
       Frozen Ramparts   |       |       |    11 |    40 ||    51
       Hailstorm         |       |       |       |     5 ||     5
Invok: Draw Destruction  |       |       |       |     6 ||     6
Evoke: Wand              |       |       |       |     2 ||     2
  Use: Potion            |       |       |       |     5 ||     5
       Scroll            |       |       |       |     1 ||     1
 Stab: Sleeping          |     6 |     7 |     3 |       ||    16
       Distracted        |       |       |     1 |       ||     1
       Held in net/web   |       |       |       |     1 ||     1
Armor: Robe              |     7 |     7 |     8 |       ||    22
       Leather armour    |       |       |   131 |   208 ||   339
Dodge: Dodged            |    17 |    47 |   201 |   277 ||   542
Block: Buckler           |     5 |    28 |   120 |   177 ||   330

Table legend: (Time is in decaauts)
 A = Elapsed time spent in this place.
 B = Non-inter-level travel time spent in this place.
 C = Inter-level travel time spent in this place.
 D = Time resting spent in this place.
 E = Time spent auto-exploring this place.
 F = Levels seen in this place.
 G = Mean time per level.
                   A        B        C        D        E       F      G
               +--------+--------+--------+--------+--------+-----+--------+
         Total |  15531 |  14995 |    536 |   2626 |   7645 |  14 | 1109.4 |
       Dungeon |  13845 |  13330 |    515 |   2289 |   7106 |  10 | 1384.5 |
        Temple |    489 |    468 |     21 |      0 |    451 |   1 |  489.0 |
          Lair |    414 |    414 |      0 |      0 |      0 |   1 |  414.0 |
        Bailey |    459 |    459 |      0 |    121 |     41 |   1 |  459.0 |
      Ice Cave |    322 |    322 |      0 |    215 |     47 |   1 |  322.0 |
               +--------+--------+--------+--------+--------+-----+--------+

Top non-repeatable levels by time:
     D:8: 2235 daAuts
     D:7: 1638 daAuts
     D:6: 1548 daAuts
     D:3: 1495 daAuts
     D:4: 1481 daAuts
     D:1: 1371 daAuts
     D:9: 1283 daAuts
     D:5: 1117 daAuts
    D:10: 934 daAuts
     D:2: 737 daAuts
  Temple: 489 daAuts
  Bailey: 459 daAuts
  Lair:1: 414 daAuts
   IceCv: 322 daAuts
